 Dungeon Crawl Stone Soup version 0.32-a0-649-gd0e5102 (webtiles) character file.

Game seed: 11959857256235983089

41 MrRottenApple the Trooper (level 3, -2/34 HPs)
             Began as a Minotaur Berserker on Mar 8, 2024.
             Was a Believer of Trog.
             Killed from afar by Sigmund (7 damage)
             ... with a puff of flame
             ... on level 2 of the Dungeon.
             The game lasted 00:03:27 (1128 turns).

MrRottenApple the Trooper (Minotaur Berserker)      Turns: 1128, Time: 00:03:28

Health: -2/34      AC:  2    Str: 23    XL:     3   Next: 32%
Magic:  2/2        EV: 17    Int:  4    God:    Trog [**....]
Gold:   102        SH:  0    Dex:  9    Spells: 2/2 levels left

rFire   . . .        a - +0 hand axe
rCold   . . .        (no shield)
rNeg    . . .        b - +0 animal skin
rPois   .            (helmet restricted)
rElec   .            (no cloak)
rCorr   .            (no gloves)
SInv    .            (no boots)
Will    .....        l - amulet of magic regeneration
Stlth   +            m - +5 ring of evasion
HPRegen 0.25/turn    (no ring)
MPRegen 0.48/turn

%: no passive effects
@: no status effects
A: horns 2, retaliatory headbutt
a: Renounce Religion, Berserk, Trog's Hand


You were on level 2 of the Dungeon.
You worshipped Trog.
Trog was pleased with you.
You visited 1 branch of the dungeon, and saw 2 of its levels.

You collected 102 gold pieces.

Inventory:

Hand Weapons
 a - a +0 hand axe (weapon)
 n - a +0 longbow
Missiles
 o - 10 poisoned darts (quivered)
Armour
 b - a +0 animal skin (worn)
 c - a +0 leather armour
Jewellery
 l - an amulet of magic regeneration (around neck)
 m - a +5 ring of evasion (left hand)
Scrolls
 f - 2 scrolls of enchant armour {unknown}
 g - 3 scrolls of identify {unknown}
 h - a scroll of fog {unknown}
 i - a scroll of immolation {unknown}
 j - a scroll of teleportation {unknown}
Potions
 d - 2 potions of invisibility {unknown}
 e - 2 potions of mutation {unknown}
 k - a potion of berserk rage {unknown}


   Skills:
 + Level 4.4 Fighting
 + Level 4.2 Axes
 + Level 2.6 Armour
 + Level 2.6 Dodging
 + Level 0.1 Stealth


You had 2 spell levels left.
You didn't know any spells.
Your spell library was empty.

Dungeon Overview and Level Annotations

Branches:
Dungeon (2/15)

Altars:

Annotations:
D:2 Sigmund


Innate Abilities, Weirdness & Mutations

You have a pair of horns on your head.
You reflexively headbutt those who attack you in melee.


Message History

You barely miss something. Your headbutt misses something.
Something closely misses you. Something barely misses you. Something hits you!
There is a stone staircase leading up here.
You are too confused!
You are too confused!
You are too confused!
You are too confused!
You can't go down here!
You are too confused!
You are too confused!
You are too confused!
You are too confused!
You are too confused!
You are too confused!
You are too confused!
You feel less confused. Something barely misses you.
A magic dart appears from out of thin air!
The magic dart hits you. Something hits you.
There is an escape hatch in the ceiling here.
You can't go down here!
You closely miss something. Something hits you.
You hear some strange, mumbled words.
Something tries to affect you, but you resist.
Something hits you.
* * * LOW HITPOINT WARNING * * *
Something hits you.
* * * LOW HITPOINT WARNING * * *
You hit something. Something barely misses you.
You closely miss something. Something hits you.
* * * LOW HITPOINT WARNING * * *
You hit something. You headbutt something. You barely miss something.
Your headbutt misses something.
You hear some strange, mumbled words.
A puff of flame appears from out of thin air!
The puff of flame hits you!
You die...

#........########.#.#####.
#####+####........#.......
###+####.########..#####
#........# #..# #........#
#..# #........# #.†#
#........# ####..##
#........#####......#
#.....{@<...........#
#.......######.##.#.#
#.....<.+ :.. #.#.#
#.#.......#########.#.#
#.....................#
#####...###########.###
###...# #.# ###.#### #.#
###....######.#####


There were no monsters in sight!

Vanquished Creatures
  5 bats
  2 endoplasms (D:1)
  6 giant cockroaches
  2 hobgoblins
  2 jackals (D:1)
  2 quokkas
  4 ball pythons
  6 frilled lizards
  4 goblins (D:1)
  3 kobolds (D:1)
  A rat (D:1)
37 creatures vanquished.

Notes
Turn   | Place    | Note
-------+----------+-------------------------------------------
     0 | D:1      | MrRottenApple the Minotaur Berserker began the quest for
                  | the Orb.
     0 | D:1      | Reached XP level 1. HP: 19/19 MP: 0/0
   309 | D:1      | Reached XP level 2. HP: 27/27 MP: 1/1
   595 | D:1      | Reached ** piety under Trog
   596 | D:1      | Reached XP level 3. HP: 27/33 MP: 2/2
  1102 | D:2      | Noticed Sigmund
  1128 | D:2      | Killed from afar by Sigmund

Illustrated notes

Levels and vault maps discovered:
D:1:      dpeg_arrival_circle_labyrinth_c, layout_basic
D:2:      layout_basic, st_stairs_4, uniq_sigmund

Skill      XL: |  1  2 |
---------------+-------+-----
Axes           | 4 |  4.2
Fighting       | 4 |  4.4
Armour         | |  2.6
Dodging        | |  2.6
Stealth        | |  0.1

Action                     || total
---------------------------++-------
  Melee: Hand axe          ||    85
         Headbutt          ||     9
 Armour: Animal skin       ||    69
  Dodge: Dodged            ||    54

Table legend: (Time is in decaauts)
 A = Elapsed time spent in this place.
 B = Non-inter-level travel time spent in this place.
 C = Inter-level travel time spent in this place.
 D = Time resting spent in this place.
 E = Time spent auto-exploring this place.
 F = Levels seen in this place.
 G = Mean time per level.
                   A        B        C        D        E       F      G
               +--------+--------+--------+--------+--------+-----+--------+
         Total |   1135 |   1067 |     68 |      0 |    846 |   2 |  567.5 |
       Dungeon |   1135 |   1067 |     68 |      0 |    846 |   2 |  567.5 |
               +--------+--------+--------+--------+--------+-----+--------+

Top non-repeatable levels by time:
     D:1: 854 daAuts
     D:2: 280 daAuts
